 Dungeon Crawl Stone Soup version 0.30-a0-422-g946f4849ff (webtiles) character file.

Game seed: 12526776128634409808

19258 ders the Fighter (level 12, -6/118 HPs)
             Began as a Minotaur Fighter on Dec 8, 2022.
             Was the Champion of Okawaru.
             Mangled by a death yak (9 damage)
             ... while petrified by a catoblepas
             ... on level 3 of the Lair of Beasts.
             The game lasted 00:15:01 (10356 turns).

ders the Fighter (Minotaur Fighter)                Turns: 10356, Time: 00:15:01

Health: -6/118     AC: 22    Str: 26    XL:     12   Next: 34%
Magic:  11/11      EV:  2    Int:  5    God:    Okawaru [******]
Gold:   672        SH:  0    Dex: 13    Spells: 11/11 levels left

rFire   + . .      SeeInvis .    Z - +1 war axe (freeze)
rCold   . . .      Faith    .    b - +0 kite shield
rNeg    + + +      Spirit   .    D - +0 plate armour
rPois   ∞          Reflect  .    A - +2 hat
rElec   .          Harm     .    (no cloak)
rCorr   +          Rampage  .    a - +1 pair of gloves {Dex+3}
Will    .....                    R - +2 pair of boots
Stlth   ..........               l - amulet of regeneration
HPRegen 1.19/turn                V - ring of protection from fire
MPRegen 0.12/turn                S - ring of resist corrosion

@: petrified
A: horns 2, retaliatory headbutt
a: Renounce Religion, Heroism, Finesse, Duel


You were on level 3 of the Lair of Beasts.
You worshipped Okawaru.
Okawaru was exalted by your worship.
You visited 3 branches of the dungeon, and saw 14 of its levels.

You collected 872 gold pieces.
You spent 200 gold pieces at shops.

Inventory:

Hand Weapons
 X - a +4 hand axe of flaming
 Z - a +1 war axe of freezing (weapon)
Missiles
 U - a throwing net (quivered)
Armour
 a - a +1 pair of gloves of dexterity (worn)
 b - a +0 kite shield (worn)
 A - a +2 hat (worn)
 D - a +0 plate armour (worn)
 R - a +2 pair of boots (worn)
 W - a +2 chain mail of cold resistance
Jewellery
 l - an amulet of regeneration (around neck)
 S - a ring of resist corrosion (right hand)
 V - a ring of protection from fire (left hand)
Wands
 p - a wand of flame (6)
 w - a wand of iceblast (6)
 G - a wand of mindburst (33)
 Y - a wand of paralysis (25)
Scrolls
 e - 2 scrolls of blinking
 j - 3 scrolls of teleportation
 k - 4 scrolls of immolation {unknown}
 o - 4 scrolls of butterflies {unknown}
 r - 3 scrolls of noise {unknown}
 s - 3 scrolls of fear
 t - 3 scrolls of amnesia {unknown}
 y - 11 scrolls of identify
 z - a scroll of vulnerability {unknown}
 B - a scroll of magic mapping {unknown}
 F - 3 scrolls of enchant weapon {unknown}
 L - a scroll of torment {unknown}
 N - a scroll of poison {unknown}
 Q - 2 scrolls of enchant armour {unknown}
Potions
 d - a potion of might
 g - 2 potions of lignification {unknown}
 h - a potion of flight {unknown}
 i - 3 potions of curing
 m - a potion of magic {unknown}
 n - 4 potions of berserk rage {unknown}
 q - 2 potions of attraction
 v - 5 potions of mutation {unknown}
 x - 3 potions of haste {unknown}
 E - 4 potions of invisibility {unknown}
 I - 3 potions of brilliance {unknown}
 K - 2 potions of heal wounds {unknown}
 M - a potion of ambrosia {unknown}
 P - a potion of degeneration {unknown}
Miscellaneous
 C - a lightning rod (4/4)


   Skills:
 * Level 14.6 Fighting
 * Level 14.3 Axes
 + Level 10.7 Armour
 + Level 10.8 Shields


You had 11 spell levels left.
You didn't know any spells.
Your spell library contained the following spells:

 Spells                   Type           Power      Damage    Failure   Level
 Shock                    Conj/Air       0%         1d3       100%        1
 Sting                    Tmut/Pois      0%         1d3       100%        1
 Poisonous Vapours        Pois/Air       0%         N/A       100%        2
 Static Discharge         Conj/Air       0%         2-2/arc   100%        2
 Hailstorm                Conj/Ice       0%         3d3       100%        3
 Portal Projectile        Hex/Tloc       0%         N/A       100%        3
 Stone Arrow              Conj/Erth      0%         3d7       100%        3
 Airstrike                Air            0%         2d(0-16)  100%        4
 Leda's Liquefaction      Hex/Erth       0%         N/A       100%        4
 Olgreb's Toxic Radiance  Pois           0%         N/A       100%        4
 Arcjolt                  Conj/Air       0%         1d10      100%        5
 Lightning Bolt           Conj/Air       0%         1d11      100%        5
 Yara's Violent Unravell  Hex/Tmut       0%         3d3       100%        5
 Enfeeble                 Hex            0%         N/A       100%        7
 Lehudib's Crystal Spear  Conj/Erth      0%         10d2      100%        8
 Call Canine Familiar     Summ           Unusable   N/A       N/A         3
 Animate Armour           Summ/Erth      Unusable   N/A       N/A         4
 Summon Lightning Spire   Summ/Air       Unusable   N/A       N/A         4

Dungeon Overview and Level Annotations

Branches:
Dungeon (10/15)            Temple (1/1) D:7            Lair (3/5) D:10
  Swamp (0/4) Lair:2        Snake (0/4) Lair:2
    Orc: D:9-12

Altars:
Ashenzari
Cheibriados
Dithmenos
Elyvilon
Fedhas
Gozag
Hepliaklqana
Kikubaaqudgha
Makhleb
Nemelex Xobeh
Okawaru
Qazlal
Ru
Sif Muna
Trog
Uskayaw
Vehumet
Wu Jian
Xom
Yredelemnul
Zin
The Shining One
Lugonu

Shops:
D:1 :   D:4 *

Portals:
Abyss: D:3

Annotations:
D:8 Pikel


Innate Abilities, Weirdness & Mutations

You have a pair of horns on your head.
You reflexively headbutt those who attack you in melee.


Message History

The death yak gores you but does no damage.
The death yak attacks as you move away! The death yak gores you!
You block the blink frog's attack.
Your limbs are stiffening.
You closely miss the blink frog. Your headbutt misses the blink frog.
The blink frog is heavily wounded.
You hit the catoblepas but do no damage.
The blink frog is no longer moving slowly.
The catoblepas gores you but does no damage.
The blink frog hits you!
The blink frog blinks!
The catoblepas gores you.
You have turned to stone.
The blink frog barely misses you.
The blink frog hits you but does no damage.
The catoblepas gores you but does no damage.
The blink frog blinks!
The blink frog hits you but does no damage.
The catoblepas gores you! The blink frog hits you!
The death yak gores you but does no damage.
The blink frog hits you! The catoblepas gores you!! The death yak gores you!
* * * LOW HITPOINT WARNING * * *
The blink frog hits you but does no damage.
The catoblepas gores you. The death yak gores you!!
* * * LOW HITPOINT WARNING * * *
The blink frog blinks!
The catoblepas gores you!
* * * LOW HITPOINT WARNING * * *
The death yak gores you but does no damage.
The catoblepas gores you but does no damage.
The death yak gores you!
* * * LOW HITPOINT WARNING * * *
The blink frog hits you!
* * * LOW HITPOINT WARNING * * *
The komodo dragon hisses menacingly.
The death yak gores you!
* * * LOW HITPOINT WARNING * * *
The catoblepas gores you!
* * * LOW HITPOINT WARNING * * *
The blink frog hits you but does no damage.
The blink frog hits you!
* * * LOW HITPOINT WARNING * * *
The death yak gores you!!
You die...

..# #.# #####♣.♣#### ..## ##
♣♣.♣♣ ♣.♣ . ...#### ###
###♣.♣.♣♣♣.♣ .♣ ......###.####
+#...♣♣♣.♣♣.♣ .♣
..........##.###:#.#♣♣ ♣♣†♣.♣.♣
............###.§#.# ♣♣...♣
.............##l.#.# #♣.♣##
.............##Y##.# ♣♣.....♣♣
.............#.Y@F.# ♣♣..PPP..♣♣
............##.♣♣♣.# ....P~P....
.............#.....# ♣..PPP..♣♣
.............####### ♣♣.....♣♣
...................########.#####
.............P#..................
.........######........#.#.......
..#..P#P## #..........####PP...
...#..### ##........## ####.#


You could see a death yak, a catoblepas, a komodo dragon and a blink frog.

Vanquished Creatures
  Gastronok (D:9)
  Harold (Lair:1)
  A centaur warrior (D:10)
  2 death yaks (D:10)
  2 bog bodies (Lair:2)
  A deep elf zephyrmancer (D:9)
  2 black mambas
  A gargoyle (D:9)
  2 cane toads
  5 komodo dragons
  A kobold demonologist (D:9)
  2 rime drakes (Lair:2)
  7 blink frogs (Lair:3)
  2 trolls (D:9)
  24 yaks
  2 wyverns (Lair:3)
  Grum (D:8)
  A basilisk (Lair:1)
  A steam dragon (D:8)
  3 nagas (Lair:2)
  An acid dragon (D:9)
  5 water moccasins
  An orc warrior (D:9)
  3 sky beasts
  2 black bears (D:5)
  12 wolves
  2 centaurs
  A phantom (D:5)
  2 kobold brigands (D:9)
  3 gnoll sergeants
  14 bullfrogs
  2 scorpions
  4 killer bees
  A howler monkey (D:8)
  A jelly (D:4)
  6 hounds
  3 orc priests
  2 iguanas
  Terence (D:2)
  6 orc wizards
  Ijyb (D:3)
  14 gnolls
  6 adders
  A shadow imp (D:6)
  A white imp (D:5)
  4 ufetubi
  2 worms
  2 dart slugs
  21 orcs
  10 ball pythons
  5 bats
  8 endoplasms
  4 giant cockroaches
  5 goblins
  10 hobgoblins
  21 kobolds
  4 quokkas
  3 frilled lizards
  6 rats
262 creatures vanquished.

Vanquished Creatures (others)
  A fungus (Lair:2)
  3 plants
4 creatures vanquished.

Grand Total: 266 creatures vanquished

Notes
Turn   | Place    | Note
-------+----------+-------------------------------------------
     0 | D:1      | ders the Minotaur Fighter began the quest for the Orb.
     0 | D:1      | Reached XP level 1. HP: 19/19 MP: 0/0
   126 | D:1      | Reached XP level 2. HP: 21/27 MP: 1/1
   598 | D:1      | Got the Volume of the Tempest and Ice
   755 | D:1      | Found Niuhueh's Book Emporium.
   759 | D:1      | Reached XP level 3. HP: 33/33 MP: 2/2
  1369 | D:2      | Noticed Terence
  1374 | D:2      | Killed Terence
  1375 | D:2      | Reached XP level 4. HP: 41/41 MP: 3/3
  1595 | D:3      | Found a large runed translucent door.
  1598 | D:3      | Found a large runed translucent door.
  1616 | D:3      | Noticed Ijyb
  1633 | D:3      | Killed Ijyb
  1855 | D:3      | Found a snail-covered altar of Cheibriados.
  2130 | D:3      | Found a corrupted altar of Lugonu.
  2157 | D:3      | Reached XP level 5. HP: 47/47 MP: 4/4
  2247 | D:3      | Found a one-way gate to the infinite horrors of the Abyss.
  2295 | D:3      | Reached skill level 5 in Fighting
  2612 | D:4      | Reached XP level 6. HP: 56/56 MP: 5/5
  2644 | D:4      | Reached skill level 5 in Axes
  2704 | D:4      | Found Ixinaps's Assorted Antiques.
  2713 | D:4      | Bought a scroll labelled CISUJO LO HATH for 25 gold pieces
  2713 | D:4      | Bought a runed hat for 175 gold pieces
  3191 | D:5      | Entered Level 5 of the Dungeon
  3258 | D:5      | Noticed a sky beast
  3268 | D:5      | Killed a sky beast
  3269 | D:5      | Reached skill level 5 in Shields
  3282 | D:5      | Reached skill level 5 in Armour
  3405 | D:5      | Reached XP level 7. HP: 53/63 MP: 6/6
  4337 | D:6      | Reached XP level 8. HP: 73/73 MP: 7/7
  4793 | D:7      | Found a staircase to the Ecumenical Temple.
  4827 | Temple   | Entered the Ecumenical Temple
  5105 | D:7      | Found an ancient bone altar of Kikubaaqudgha.
  5115 | D:7      | Found a radiant altar of Vehumet.
  5127 | D:7      | Found a shimmering blue altar of Sif Muna.
  5147 | D:7      | Found an iron altar of Okawaru.
  5157 | D:7      | Found a white marble altar of Elyvilon.
  5164 | D:7      | Found a burning altar of Makhleb.
  5300 | D:7      | Became a worshipper of Warmaster Okawaru
  5487 | D:8      | Reached XP level 9. HP: 64/82 MP: 8/8
  5530 | D:8      | Noticed Grum
  5540 | D:8      | Killed Grum
  5544 | D:8      | Reached * piety under Okawaru
  5669 | D:8      | Noticed Pikel
  5725 | D:8      | Found a basalt altar of Yredelemnul.
  5727 | D:8      | Noticed a profane servitor
  6141 | D:8      | Found a glowing golden altar of the Shining One.
  6144 | D:8      | Noticed an angel
  6221 | D:9      | Noticed a troll
  6229 | D:9      | Killed a troll
  6230 | D:9      | Reached skill level 10 in Fighting
  6264 | D:9      | Noticed a troll
  6267 | D:9      | Reached ** piety under Okawaru
  6273 | D:9      | Killed a troll
  6314 | D:9      | Found a broken altar of Ashenzari.
  6338 | D:9      | Reached skill level 10 in Axes
  6581 | D:9      | Noticed a kobold demonologist
  6582 | D:9      | Noticed a hellwing
  6594 | D:9      | Killed a kobold demonologist
  6595 | D:9      | Reached XP level 10. HP: 81/94 MP: 9/9
  6652 | D:9      | Found the +8 longbow "Zephyr" {speed, Dex+3 SInv}
  6724 | D:9      | Noticed Gastronok
  6750 | D:9      | Killed Gastronok
  6750 | D:9      | Reached *** piety under Okawaru
  6962 | D:9      | Noticed a deep elf zephyrmancer
  6970 | D:9      | Killed a deep elf zephyrmancer
  7228 | D:9      | Noticed a gargoyle
  7242 | D:9      | Killed a gargoyle
  7242 | D:9      | Reached **** piety under Okawaru
  7309 | D:10     | Entered Level 10 of the Dungeon
  7418 | D:10     | Noticed a centaur warrior
  7434 | D:10     | Killed a centaur warrior
  7539 | D:10     | Noticed a death yak
  7541 | D:10     | Noticed a death yak
  7541 | D:10     | Noticed a death yak
  7541 | D:10     | Noticed a death yak
  7541 | D:10     | Noticed a death yak
  7542 | D:10     | Found a staircase to the Lair.
  7542 | D:10     | Noticed a death yak
  7549 | D:10     | Noticed a death yak
  7554 | D:10     | Killed a death yak
  7554 | D:10     | Killed a death yak
  7554 | D:10     | Reached ***** piety under Okawaru
  7555 | D:10     | Reached XP level 11. HP: 43/105 MP: 10/10
  7584 | Lair:1   | Entered Level 1 of the Lair of Beasts
  7812 | Lair:1   | Noticed Harold
  7836 | Lair:1   | Killed Harold
  8569 | Lair:2   | Received a gift from Okawaru
  8712 | Lair:2   | Found a staircase to the Snake Pit.
  8718 | Lair:2   | Reached skill level 10 in Shields
  8733 | Lair:2   | Reached skill level 10 in Armour
  8907 | Lair:2   | Noticed a bog body
  8908 | Lair:2   | Noticed a bog body
  8910 | Lair:2   | Found a staircase to the Swamp.
  8915 | Lair:2   | Killed a bog body
  9102 | Lair:2   | Killed a bog body
  9438 | Lair:2   | Reached XP level 12. HP: 113/116 MP: 11/11
  9977 | Lair:3   | Reached ****** piety under Okawaru
  9991 | Lair:3   | Received a gift from Okawaru
 10339 | Lair:3   | Noticed a catoblepas
 10340 | Lair:3   | Noticed a death yak
 10356 | Lair:3   | HP: 3/118 [blink frog (4)]
 10356 | Lair:3   | Mangled by a death yak

Illustrated notes

Levels and vault maps discovered:
D:1:      erik_arrival_triangle_small, layout_loops_corners, serial_forest,
          infiniplex_forest_clump_medium, infiniplex_forest_clump_small,
          infiniplex_forest_straight_4, infiniplex_forest_corner_1,
          serial_shops, shop, minmay_tetromino_i2
D:2:      layout_basic, minmay_misc_feat_pillars, grunt_decor_fettered,
          minmay_misc_feat_chi, uniq_terence
D:3:      due_chaos_kobolds, layout_loops_ring,
          mainiacjoe_overflow_six_doors_small, minmay_misc_feat_diagonals,
          uniq_ijyb
D:4:      layout_basic, serial_shops, nicolae_diamond_shop,
          reono_crystal_passage
D:5:      layout_gridville
D:6:      layout_loops_corners
D:7:      layout_cave_pools, palyth_temple_overflow_mages,
          minmay_overflow_temple_star_quad, minmay_temple_entry_sparse_star
D:8:      layout_cave_pools, grunt_temple_overflow_holy_war,
          kennysheep_generic_room_5, uniq_grum, uniq_pikel
D:9:      layout_gridville, nicolae_ashenzari_skybound, minmay_misc_feat_five,
          nicolae_benzene_ring, guppyfry_early_elven_hall, uniq_gastronok
D:10:     layout_loops_cross, dpeg_lair_monsters
Temple:   nicolae_temple_x_marks_the_god
Lair:1:   layout_gridlike, serial_bayou_shore_b, uniq_harold
Lair:2:   layout_roguey, skrybe_swamp_entry_bodies,
          minmay_snake_entry_guardpost_small, st_stairs_9
Lair:3:   nzn_winding_woodlands_three_and_one
          [nzn_winding_woodlands_5x15_garden,
          nzn_winding_woodlands_5x15_sawtooth,
          nzn_winding_woodlands_5x15_pockets,
          nzn_winding_woodlands_center_lodge], layout_hall_layers

Skill      XL: |  1  2  3  4  5  6  7  8  9 10 11 12 |
---------------+-------------------------------------+-----
Fighting       | 4 5 6 7 8 10 12 13 14 | 14.6
Axes           | 3 4 5 6 8 10 12 13 14 | 14.3
Shields        | 4 5 6 8 9 10 | 10.8
Armour         | 4 5 6 7 9 10 | 10.7

Action                   |  1- 3 |  4- 6 |  7- 9 | 10-12 || total
-------------------------+-------+-------+-------+-------++-------
Melee: War axe           |    83 |   118 |   261 |   331 ||   793
       Headbutt          |     7 |    22 |    43 |    80 ||   152
       Hand axe          |       |       |       |    20 ||    20
  Use: Scroll            |       |     5 |     1 |     4 ||    10
       Potion            |       |       |       |     4 ||     4
Armor: Scale mail        |    37 |    49 |     4 |       ||    90
       Plate armour      |       |       |   170 |   175 ||   345
Dodge: Dodged            |    72 |    80 |   164 |    87 ||   403
Block: Buckler           |    22 |    31 |    81 |       ||   134
       Kite shield       |       |       |    10 |   183 ||   193

Table legend: (Time is in decaauts)
 A = Elapsed time spent in this place.
 B = Non-inter-level travel time spent in this place.
 C = Inter-level travel time spent in this place.
 D = Time resting spent in this place.
 E = Time spent auto-exploring this place.
 F = Levels seen in this place.
 G = Mean time per level.
                   A        B        C        D        E       F      G
               +--------+--------+--------+--------+--------+-----+--------+
         Total |  10450 |  10060 |    390 |    727 |   7400 |  14 |  746.4 |
       Dungeon |   7618 |   7300 |    318 |    323 |   5528 |  10 |  761.8 |
        Temple |     74 |     74 |      0 |      0 |     52 |   1 |   74.0 |
          Lair |   2757 |   2685 |     72 |    404 |   1820 |   3 |  919.0 |
               +--------+--------+--------+--------+--------+-----+--------+

Top non-repeatable levels by time:
     D:9: 1099 daAuts
  Lair:2: 1031 daAuts
     D:1: 1007 daAuts
  Lair:1: 975 daAuts
     D:6: 885 daAuts
     D:3: 861 daAuts
     D:4: 839 daAuts
     D:8: 754 daAuts
  Lair:3: 751 daAuts
     D:5: 728 daAuts
     D:7: 619 daAuts
     D:2: 546 daAuts
    D:10: 276 daAuts
  Temple: 74 daAuts
